 Dungeon Crawl Stone Soup version 0.31.0-11-ge490571c62 (webtiles) character file.

Game seed: 13309838224790663772

68936 Bnni the Impaler (level 15, -11/114 HPs)
             Began as a Formicid Fighter on Feb 4, 2024.
             Was a High Priest of Hepliaklqana.
             Killed by divine providence
             ... invoked by an orc high priest
              (16 damage)
             ... on level 1 of the Orcish Mines on Feb 7, 2024.
             The game lasted 00:45:41 (18544 turns).

Bnni the Impaler (Formicid Fighter)                Turns: 18544, Time: 00:45:41

Health: -11/114    AC: 22    Str: 29    XL:     15   Next: 72%
Magic:  24/24      EV:  7    Int: 14    God:    Hepliaklqana [*****.]
Gold:   869        SH: 18    Dex: 11    Spells: 14/14 levels left

rFire   . . .        I - +3 halberd (venom)
rCold   . . .        F - +1 tower shield {AC+3}
rNeg    . . .        t - +5 chain mail of Dabocvuw {Fly rElec Int+7 Dex-2}
rPois   +            (helmet unavailable)
rElec   +            R - +0 cloak
rCorr   +            m - +0 pair of gloves
SInv    +            y - +1 pair of boots
Will    +....        l - amulet of regeneration Stlth
                     Q - ring of resist corrosion
HPRegen 1.19/turn    L - ring of poison resistance
MPRegen 0.19/turn

%: no passive effects
@: on fire, flying, glowing
A: reduced essence, permanent stasis, dig shafts and tunnels, antennae 3, four
strong arms
a: Dig, Shaft Self, Renounce Religion, Recall Ancestor, Ancestor Identity,
Transference, Idealise


You were on level 1 of the Orcish Mines.
You worshipped Hepliaklqana.
Hepliaklqana was extremely pleased with you.
You visited 4 branches of the dungeon, and saw 21 of its levels.
You also visited: Bailey.

You collected 1285 gold pieces.
You spent 416 gold pieces at shops.

Inventory:

Hand Weapons
 B - a +2 halberd of freezing
 G - a +4 glaive
 I - a +3 halberd of venom (weapon)
Missiles
 c - a curare-tipped dart
 d - 6 darts of dispersal
 k - 23 poisoned darts
 w - 4 javelins
 T - a throwing net
Armour
 m - a +0 pair of gloves (worn)
 t - the +5 chain mail of Dabocvuw (worn) {Fly rElec Int+7 Dex-2}
   (You found it on level 3 of the Dungeon)

   Int+7:     It affects your intelligence (+7).
   Dex-2:     It affects your dexterity (-2).
   rElec:     It insulates you from electricity.
   Fly:       It grants you flight.
 y - a +1 pair of boots (worn)
 F - a +1 tower shield of protection (worn)
 H - a +0 crystal plate armour
 R - a +0 cloak (worn)
Jewellery
 l - an amulet of regeneration (around neck)
 L - a ring of poison resistance (right hand)
 Q - a ring of resist corrosion (left hand)
Wands
 a - a wand of polymorph (3)
 p - a wand of digging (8)
 C - a wand of iceblast (22)
 J - a wand of charming (2)
Scrolls
 e - 5 scrolls of immolation
 f - a scroll of fog
 n - 3 scrolls of torment
 u - 3 scrolls of silence
 x - 2 scrolls of butterflies
 z - 2 scrolls of vulnerability
 A - 2 scrolls of poison
 M - 2 scrolls of enchant armour
 N - a scroll of enchant weapon
 P - 2 scrolls of revelation
Potions
 b - 2 potions of attraction
 g - a potion of magic
 h - 4 potions of ambrosia
 i - 2 potions of lignification
 j - a potion of degeneration {unknown}
 o - a potion of cancellation
 q - a potion of resistance
 s - a potion of berserk rage {unknown}
 v - 3 potions of curing
 D - 3 potions of enlightenment {unknown}
 E - 3 potions of might
 K - a potion of haste {unknown}
Miscellaneous
 S - a box of beasts


   Skills:
 + Level 14.4 Fighting
 * Level 17.9 Polearms
 + Level 5.1 Armour
 + Level 13.4 Shields
 + Level 13.0 Invocations


You had 14 spell levels left.
You didn't know any spells.
Your spell library contained the following spells:

 Spells                   Type           Power      Damage    Failure   Level
 Foxfire                  Conj/Fire      0%         2x1d4     95%         1
 Kiss of Death            Conj/Necr      0%         2d5       95%         1
 Shock                    Conj/Air       0%         1d3       95%         1
 Slow                     Hex            0%         N/A       95%         1
 Summon Small Mammal      Summ           0%         N/A       95%         1
 Ensorcelled Hibernation  Hex/Ice        0%         N/A       99%         2
 Lesser Beckoning         Tloc           0%         N/A       99%         2
 Scorch                   Fire           0%         2d5       99%         2
 Call Canine Familiar     Summ           0%         N/A       100%        3
 Confusing Touch          Hex            0%         N/A       100%        3
 Dazzling Flash           Conj/Hex       0%         N/A       100%        3
 Fugue of the Fallen      Necr           0%         N/A       100%        3
 Gell's Gravitas          Tloc           0%         N/A       100%        3
 Mephitic Cloud           Conj/Alch/Air  0%         N/A       100%        3
 Ozocubu's Armour         Ice            0%         N/A       100%        3
 Passwall                 Erth           0%         N/A       100%        3
 Sigil of Binding         Hex            0%         N/A       100%        3
 Teleport Other           Tloc           0%         N/A       100%        3
 Vampiric Draining        Necr           0%         2d6       100%        3
 Volatile Blastmotes      Fire/Tloc      0%         2d10      100%        3
 Airstrike                Air            0%         2d(0-16)  100%        4
 Brom's Barrelling Bould  Conj/Erth      0%         2d3       100%        4
 Dispel Undead            Necr           0%         3d6       100%        4
 Flame Wave               Conj/Fire      0%         2d4       100%        4
 Ignite Poison            Fire/Alch      0%         N/A       100%        4
 Manifold Assault         Tloc           0%         N/A       100%        4
 Sticky Flame             Fire/Alch      0%         2d4       100%        4
 Summon Blazeheart Golem  Fire/Summ      0%         N/A       100%        4
 Curse of Agony           Necr           0%         N/A       100%        5
 Fireball                 Conj/Fire      0%         3d3       100%        5
 Iskenderun's Battlesphe  Conj           0%         2d6       100%        5
 Silence                  Hex/Air        0%         N/A       100%        5
 Conjure Ball Lightning   Conj/Air       0%         3x3d6     100%        6
 Plasma Beam              Fire/Air       0%         2x1d10    100%        6
 Starburst                Conj/Fire      0%         6d3       100%        6
 Summon Cactus Giant      Summ           0%         N/A       100%        6
 Orb of Destruction       Conj           0%         9d5       100%        7
 Spellforged Servitor     Conj/Summ      0%         N/A       100%        7
 Ignition                 Fire           0%         3d3       100%        8
 Maxwell's Capacitive Co  Air            0%         ∞         100%        8
 Swiftness                Air            Unusable   N/A       N/A         3

Dungeon Overview and Level Annotations

Branches:
Dungeon (14/15)            Temple (1/1) D:7            Lair (5/5) D:8
 Shoals (0/4) Lair:3        Snake (0/4) Lair:3        Slime (0/5) Lair:4
    Orc (1/2) D:10         Bailey (visited)
 Vaults: D:13-14

Altars:
Ashenzari
Cheibriados
Dithmenos
Elyvilon
Fedhas
Gozag
Hepliaklqana
Kikubaaqudgha
Makhleb
Nemelex Xobeh
Okawaru
Qazlal
Ru
Sif Muna
Trog
Uskayaw
Vehumet
Wu Jian
Xom
Yredelemnul
Zin
The Shining One
Jiyva

Shops:
D:10 (   D:11 ?


Innate Abilities, Weirdness & Mutations

Your life essence is reduced to manifest your ancestor. (-10% HP)
You cannot be hasted, slowed, berserked, paralysed or teleported.
You can dig through walls and to a lower floor.
You have a pair of large antennae on your head. (SInv)
Your four strong arms can wield two-handed weapons with a shield.


Message History

Unknown command.
You closely miss the orc high priest.
The orc high priest is severely wounded.
You are engulfed in a cloud of scalding steam.
The liquid fire burns you! The orange demon completely misses you.
The orc high priest hits you with a +0 war axe.
You block the chaos spawn's attack. You block the smoke demon's attack. x3
You puncture the orc high priest!
The orc high priest is almost dead.
You are engulfed in a cloud of scalding steam.
The liquid fire burns you!
* * * LOW HITPOINT WARNING * * *
You block the orange demon's attack.
The orc high priest hits you but does no damage.
The chaos spawn bites you!
* * * LOW HITPOINT WARNING * * *
The chaos spawn freezes you.
* * * LOW HITPOINT WARNING * * *
The smoke demon gestures at you. The ball of steam hits you.
* * * LOW HITPOINT WARNING * * *
Unknown command.
You feel better. The liquid fire burns you!
* * * LOW HITPOINT WARNING * * *
You block the orange demon's attack.
The orc high priest is engulfed in a cloud of scalding steam.
The orc high priest hits you but does no damage.
The chaos spawn ululates chillingly with its many mouths.
The chaos spawn punches you but does no damage.
The smoke demon gestures at you. The pyre arrow hits you.
You are even more covered in intense liquid fire!
You shake off some of the fire as you move.
The liquid fire burns you!
* * * LOW HITPOINT WARNING * * *
The orc high priest mumbles some strange prayers to Beogh against you.
Beogh smites you!
You die...

#...# #
#...###############
#...#...........?##
#...#............##
+..))............# {{
#..)#............# {
#...#............## {{
##.##............##
####@####......)...##
#.)4))..###...))...##
#....3o4....####...####
#.............# ##'## #
#.............###...####
...............#......##
......._.......#......#
...............#.....)##
#............$##.....)..


You could see an orc high priest (extremely poisoned), an orange demon
(summoned), a smoke demon (summoned) and a chaos spawn (summoned).

Vanquished Creatures
  Gastronok (D:9)
  Kirke (Lair:4)
  An orc warlord (Orc:1)
  3 boulder beetles
  A catoblepas (Lair:2)
  2 centaur warriors (D:13)
  A two-headed ogre (D:12)
  A tengu warrior (D:14)
  4 skysharks
  A deep elf pyromancer (D:11)
  An orc knight (Orc:1)
  8 elephants
  An orc sorcerer (Orc:1)
  An oklob plant (Lair:1)
  2 cyclopes
  2 manticores
  3 meliai (D:11)
  12 cane toads
  4 black mambas
  3 torpor snails
  6 rime drakes
  Maggie (D:6)
  8 polar bears
  6 komodo dragons
  4 trolls
  10 hornets
  8 blink frogs
  4 dream sheep
  5 slime creatures (D:13)
  2 vampires
  A centaur simulacrum (D:14)
  4 wyverns
  A shadow (D:12)
  10 spriggans (Lair:5)
  4 wraiths
  26 yaks
  3 fire bats (D:11)
  3 basilisks
  2 vampire mosquitoes (D:10)
  A hog (Lair:4)
  A steam dragon (D:8)
  2 nagas (Lair:3)
  An acid dragon (D:12)
  11 water moccasins
  Duvessa (D:6)
  2 sky beasts (D:7)
  22 orc warriors
  A sky beast (shapeshifter) (D:13)
  6 black bears
  8 centaurs
  2 ogres
  5 boggarts (Lair:5)
  24 wolves
  A lemure (D:9)
  2 phantoms
  2 kobold brigands
  A gnoll sergeant (D:7)
  7 bullfrogs
  8 wights
  3 hexers
  Dowan (D:6)
  4 killer bees (D:10)
  An electric eel (Lair:1)
  4 howler monkeys
  3 bombardier beetles
  11 orc priests
  3 hounds
  4 iguanas
  A jelly (D:5)
  A sleepcap (D:5)
  7 orc wizards
  A statue (D:5)
  7 gnolls
  3 adders
  A white imp (D:7)
  4 ufetubi (D:7)
  A ribbon worm (D:5)
  A dart slug (D:3)
  58 orcs
  4 bats
  A bat skeleton (D:2)
  A bat zombie (D:2)
  3 endoplasms
  3 giant cockroaches (D:1)
  10 hobgoblins
  4 jackals (D:3)
  11 kobolds
  2 quokkas
  11 ball pythons
  3 ball python skeletons (D:2)
  5 frilled lizards
  7 goblins
  3 rats
456 creatures vanquished.

Vanquished Creatures (collateral kills)
  Nessos (D:12)
  Snorg (D:10)
  2 catoblepae
  A boulder beetle (Lair:4)
  2 hydras (Lair:2)
  A centaur warrior (D:12)
  Pikel (D:9)
  An oklob plant (Lair:2)
  An orc knight (Bailey)
  A cyclops (D:8)
  A manticore (D:11)
  5 elephants
  2 black mambas (Lair:5)
  A smoke demon (D:11)
  2 cane toads
  A rime drake (Lair:4)
  A komodo dragon (D:13)
  2 trolls
  2 hornets (Lair:5)
  5 dream sheep
  2 spriggans (Lair:5)
  A wyvern (Lair:3)
  2 fire bats (D:11)
  13 yaks
  2 basilisks
  A steam dragon (D:10)
  2 acid dragons
  2 water moccasins
  A black bear (Lair:1)
  2 orc warriors
  An ogre (D:9)
  7 wolves
  A lemure (D:9)
  3 centaurs
  2 bullfrogs
  A killer bee (D:10)
  2 electric eels (Lair:1)
  2 orc priests
  2 orc wizards
  A white imp (D:8)
  19 orcs
  2 goblins (D:9)
  5 kobolds
110 creatures vanquished.

Vanquished Creatures (others)
  2 humans (Lair:4)
  9 hexers
  2 ancestors
  An orc (D:6)
14 creatures vanquished.

Grand Total: 580 creatures vanquished

Notes
Turn   | Place    | Note
-------+----------+-------------------------------------------
     0 | D:1      | Bnni the Formicid Fighter began the quest for the Orb.
     0 | D:1      | Reached XP level 1. HP: 18/18 MP: 1/1
    79 | D:1      | Reached XP level 2. HP: 24/24 MP: 2/2
   195 | D:1      | Reached XP level 3. HP: 30/30 MP: 3/3
   380 | D:1      | Reached skill level 3 in Polearms
   823 | D:2      | Reached XP level 4. HP: 25/37 MP: 4/4
   823 | D:2      | Upgraded the game from 0.31.0-9-g3a7656b989 to
                  | 0.31.0-11-ge490571c62
  1263 | D:3      | Found a faded altar of an unknown god.
  1281 | D:3      | Got Plato's Catalogue of the Hurtful Birds
  1511 | D:3      | Reached skill level 4 in Polearms
  1511 | D:3      | Reached XP level 5. HP: 10/43 MP: 5/5
  1743 | D:3      | Identified the +5 chain mail of Dabocvuw {Fly rElec Int+7
                  | Dex-2}
  2274 | D:4      | Noticed a black bear
  2281 | D:4      | Killed a black bear
  2282 | D:4      | Reached skill level 5 in Polearms
  2282 | D:4      | Reached XP level 6. HP: 47/50 MP: 6/6
  2454 | D:4      | Reached skill level 5 in Fighting
  2864 | D:5      | Entered Level 5 of the Dungeon
  2887 | D:5      | Noticed a black bear
  2898 | D:5      | Killed a black bear
  2899 | D:5      | Reached XP level 7. HP: 48/56 MP: 7/7
  2996 | D:5      | Reached skill level 6 in Polearms
  3045 | D:5      | Found a radiant altar of Vehumet.
  3165 | D:5      | Identified the +1 dagger of Josaar {spect, Will++}
  3350 | D:5      | Reached skill level 7 in Polearms
  3350 | D:5      | Reached XP level 8. HP: 63/64 MP: 8/8
  3528 | D:6      | Found a shadowy altar of Dithmenos.
  3622 | D:6      | Noticed Dowan
  3624 | D:6      | Noticed Duvessa
  3664 | D:6      | Killed Duvessa
  3665 | D:6      | Reached skill level 8 in Polearms
  3667 | D:6      | Killed Dowan
  3980 | D:6      | Noticed Maggie
  4016 | D:6      | Killed Maggie
  4017 | D:6      | Reached skill level 9 in Polearms
  4017 | D:6      | Reached XP level 9. HP: 18/73 MP: 9/9
  4475 | D:6      | Found a snail-covered altar of Cheibriados.
  4695 | D:6      | Found a broken altar of Ashenzari.
  4702 | D:6      | Found a glowing silver altar of Zin.
  4819 | D:7      | Found a staircase to the Ecumenical Temple.
  4836 | Temple   | Entered the Ecumenical Temple
  4902 | Temple   | Became a worshipper of Hepliaklqana the Forgotten
  5054 | D:7      | Reached skill level 1 in Invocations
  5064 | D:7      | Reached skill level 10 in Polearms
  5546 | D:7      | Reached * piety under Hepliaklqana
  6263 | D:8      | Noticed a cyclops
  6271 | D:8      | Killed a cyclops
  6272 | D:8      | Reached XP level 10. HP: 73/74 MP: 12/12
  6316 | D:8      | Reached skill level 11 in Polearms
  6632 | D:8      | Found a staircase to the Lair.
  6802 | D:9      | Found a flagged portal.
  6849 | Bailey   | Entered a bailey
  7079 | Bailey   | Reached ** piety under Hepliaklqana
  7080 | Bailey   | Remembered your ancestor Stabby McGee as a hexer
  7161 | Bailey   | Noticed an orc knight
  7184 | Bailey   | Reached skill level 5 in Invocations
  7215 | Bailey   | Killed an orc knight
  7751 | D:9      | Noticed Gastronok
  7763 | D:9      | Reached skill level 12 in Polearms
  7777 | D:9      | Killed Gastronok
  7778 | D:9      | Reached skill level 10 in Fighting
  7778 | D:9      | Reached skill level 5 in Shields
  7778 | D:9      | Reached XP level 11. HP: 68/81 MP: 15/15
  7976 | D:9      | Noticed Pikel
  7990 | D:9      | Killed Pikel
  8320 | D:10     | Entered Level 10 of the Dungeon
  8320 | D:10     | Noticed a cyclops
  8323 | D:10     | Killed a cyclops
  8397 | D:10     | Found Tikeon's Hydra Hut.
  8398 | D:10     | Noticed a four-headed hydra
  8493 | D:10     | Reached skill level 13 in Polearms
  9045 | D:10     | Found a staircase to the Orcish Mines.
  9046 | D:10     | Reached *** piety under Hepliaklqana
  9051 | D:10     | Noticed Snorg
  9064 | D:10     | Killed Snorg
  9275 | D:11     | Noticed a boulder beetle
  9280 | D:11     | Killed a boulder beetle
  9281 | D:11     | Reached XP level 12. HP: 82/89 MP: 17/17
  9359 | D:11     | Found Kyvvef's Magic Scroll Shop.
  9367 | D:11     | Bought a scroll of enchant armour for 82 gold pieces
  9367 | D:11     | Bought a scroll of enchant armour for 82 gold pieces
  9367 | D:11     | Bought a scroll of enchant weapon for 82 gold pieces
  9367 | D:11     | Bought a scroll of identify for 22 gold pieces
  9367 | D:11     | Bought a scroll of revelation for 82 gold pieces
  9367 | D:11     | Bought a scroll of identify for 22 gold pieces
  9367 | D:11     | Bought a scroll of fear for 44 gold pieces
  9663 | D:11     | HP: 3/90 [fire bat (6)]
  9668 | D:11     | HP: 1/90 [burnt (7)]
 10087 | D:11     | Reached skill level 14 in Polearms
 10341 | D:12     | Noticed a boulder beetle
 10376 | D:12     | Killed a boulder beetle
 10406 | D:12     | Noticed a two-headed ogre
 10413 | D:12     | Killed a two-headed ogre
 10485 | D:12     | Noticed a centaur warrior
 10500 | D:12     | Killed a centaur warrior
 10789 | D:12     | Noticed Nessos
 10804 | D:12     | Killed Nessos
 11192 | D:13     | Noticed a centaur warrior
 11207 | D:13     | Killed a centaur warrior
 11328 | D:13     | Noticed a centaur warrior
 11333 | D:13     | Reached XP level 13. HP: 84/96 MP: 20/20
 11343 | D:13     | Killed a centaur warrior
 12097 | D:14     | Reached skill level 15 in Polearms
 12097 | D:14     | Reached skill level 10 in Invocations
 12157 | D:14     | Found a broken altar of Ashenzari.
 12318 | D:14     | Noticed a seven-headed hydra
 12504 | Lair:1   | Entered Level 1 of the Lair of Beasts
 12556 | Lair:1   | Identified the +0 chain mail of a bazaar {rElec rPois
                  | Stlth+}
 12560 | Lair:1   | Reached **** piety under Hepliaklqana
 12575 | Lair:1   | Reached skill level 10 in Shields
 12690 | Lair:1   | Identified the +1 rapier "Hyamihet" {elec, rPois rC- Will+
                  | Int+7}
 13938 | Lair:2   | Noticed a five-headed hydra
 13946 | Lair:2   | Killed an eight-headed hydra
 13972 | Lair:2   | Noticed a four-headed hydra
 13980 | Lair:2   | Killed an eight-headed hydra
 13981 | Lair:2   | Reached XP level 14. HP: 93/104 MP: 22/22
 14046 | Lair:2   | Found an ancient bone altar of Kikubaaqudgha.
 14060 | Lair:2   | Reached skill level 16 in Polearms
 14465 | Lair:3   | Found a staircase to the Snake Pit.
 14671 | Lair:3   | Found a staircase to the Shoals.
 15048 | Lair:3   | Reached ***** piety under Hepliaklqana
 15393 | Lair:4   | Found a staircase to the Slime Pits.
 15394 | Lair:4   | Found a viscous altar of Jiyva.
 15425 | Lair:4   | Noticed Kirke
 15445 | Lair:4   | Noticed a sphinx
 15446 | Lair:4   | HP: 5/106 [dream sheep (6)]
 15447 | Lair:4   | Killed Kirke
 15912 | Lair:4   | Found the +4 skin of Zhor {*Englaciate rC+++ SInv}
 16702 | Lair:5   | Entered Level 5 of the Lair of Beasts
 16707 | Lair:5   | Reached skill level 17 in Polearms
 17063 | Lair:5   | Reached XP level 15. HP: 112/112 MP: 24/24
 18305 | Orc:1    | Entered Level 1 of the Orcish Mines
 18446 | Orc:1    | Reached skill level 5 in Armour
 18476 | Orc:1    | Noticed an orc warlord
 18489 | Orc:1    | Killed an orc warlord
 18544 | Orc:1    | HP: 4/114 [burnt (7)]
 18544 | Orc:1    | Killed from afar by an orc high priest

Illustrated notes

Levels and vault maps discovered:
D:1:      saegor_arrival_miasma, layout_loops_cross, moated_statue
D:2:      layout_rooms, serial_undead, serial_undead_b, serial_undead_d,
          serial_undead_e, serial_undead_e, serial_undead_f, serial_undead_e,
          grunt_decor_arrowhead
D:3:      layout_basic, shapermc_ecumenical_altar_rom_forum,
          roderic_serpentine_path, grunt_ministairs_6, kennysheep_generic_room_9
D:4:      layout_loops_ring, chequers_serial_rivers_large_a
D:5:      layout_rooms, vehumet_statue, water_boxes_lemuel
D:6:      layout_loops_ring, nicolae_overflow_crystal_walls,
          jmf_multi_god_temple2, chei_slow_surprise, uniq_maggie, uniq_duvessa
D:7:      layout_cave_pods, minmay_temple_entry_stoned_glass, eino_tiny_chamber,
          kennysheep_decorative_pillar, amcnicky_mini_corridor_feature
D:8:      layout_cave_pools, lair_entry_dummy
D:9:      layout_roguey [special_room_orc], enter_bailey_5, uniq_gastronok,
          uniq_pikel
D:10:     layout_roguey, orc_0_dummy, doesnt_shop_hydraphobe, uniq_snorg
D:11:     minmay_firetagon, layout_loops_ring, serial_shops, shop
D:12:     layout_basic, uniq_nessos
D:13:     layout_basic
D:14:     layout_rooms, skrybe_vaults_entry_preservation,
          ashenzari_conservatory_becter, uniq_lodul
Temple:   minmay_crystal_spiral_temple
Lair:1:   layout_misc_corridors, minmay_holes, minmay_lair_oklob_items,
          gammafunk_lair_bear_cave, serial_bayou_shore_a
Lair:2:   layout_cave_shapes, lemuel_oklob_altar
Lair:3:   layout_roguey, elwin_shoals_entry_rocks, guppyfry_snake_entry_garden,
          grunt_megastairs_5, serial_bayou_shore_b
Lair:4:   layout_regular_city, slime_entry_1, hellmonk_guarded_unrand_zhor,
          uniq_kirke
Lair:5:   minmay_lair_end_enchanted_forest, layout_cave_pods,
          dreamdust_wasp_nest
Orc:1:    orc_temple, layout_caves, uniq_harold

Skill      XL: |  1  2  3  4  5  6  7  8  9 10 11 12 13 14 15 |
---------------+----------------------------------------------+-----
Polearms       | 3 4 5 7 9 10 12 13 14 15 17 | 17.9
Fighting       | 4 5 6 7 9 10 11 12 13 14 | 14.4
Invocations    | 3 6 7 9 11 12 13 | 13.0
Shields        | 5 7 9 11 12 13 | 13.4
Armour         | 5 |  5.1

Action                     |  1- 3 |  4- 6 |  7- 9 | 10-12 | 13-15 || total
---------------------------+-------+-------+-------+-------+-------++-------
  Melee: Trident           |    91 |   132 |   211 |       |       ||   434
         Halberd           |       |       |   132 |   418 |   855 ||  1405
  Throw: Dart              |       |       |     7 |     3 |       ||    10
 Invoke: Ancestor Identity |       |       |     1 |     1 |       ||     2
         Ancestor Life: He |       |       |       |     1 |       ||     1
         Transference      |       |       |       |     1 |       ||     1
Ability: Dig               |     3 |       |       |     1 |     5 ||     9
    Use: Scroll            |       |     1 |     7 |     6 |     9 ||    23
         Potion            |       |       |     5 |     6 |     1 ||    12
   Stab: Confused          |       |       |       |     9 |    11 ||    20
         Distracted        |       |       |       |     5 |    25 ||    30
         Paralysed         |       |       |       |       |    23 ||    23
 Armour: Scale mail        |    36 |    17 |       |       |       ||    53
         Chain mail        |       |    49 |   215 |   224 |   328 ||   816
         Crystal plate arm |       |       |       |    59 |       ||    59
         Skin              |       |       |       |       |     5 ||     5
  Dodge: Dodged            |    26 |    42 |   102 |    78 |   103 ||   351
  Block: Buckler           |    13 |    15 |    49 |    15 |       ||    92
         Tower shield      |       |       |       |   241 |   537 ||   778
